Map: Pendiente de Agustín EE

Players

MrFercho

  • Race: Zerg Zerg
  • Spawn Location: 6:00

tigro

  • Race: Terran Terran
  • League: Bronze
  • Spawn Location: 6:00

TATORREA

  • Race: Protoss Protoss
  • League: Silver
  • Spawn Location: 5:00

KALEL

  • Race: Zerg Zerg
  • League: Platinum
  • Spawn Location: 12:00

dragon

  • Race: Protoss Protoss
  • Spawn Location: 11:00

JYLLESCAS

  • Race: Terran Terran
  • Spawn Location: 12:00

VOD

Have the link to the VOD?

Description

Time

  • Played on: June 11, 2020, 9:16 p.m.
  • Length: 9:35
Show
View Real Time Build Order
Export as new Build Order

MrFercho Zerg 

Build Orders: Hatch First 

Get SALT Encoding   

  12  0:01  Drone  
  13  0:13  Overlord  
  13  0:21  Drone  
  14  0:38  Drone x3  
  17  0:56  Drone  
  18  1:00  Drone  
  18  1:01  Hatchery  
  18  1:11  Drone  
  19  1:18  Spawning Pool  
  19  1:23  Overlord  
  18  1:32  Drone  
  19  1:42  Drone  
  20  2:02  Extractor  
  20  2:04  Drone x2  
  21  2:12  Drone  
  21  2:14  Drone  
  23  2:25  Drone x2  
  23  2:26  Queen  
  23  2:28  Queen  
  29  2:34  Drone  
  29  2:36  Drone  
  31  2:45  Drone  
  31  2:47  Drone  
  33  2:55  Drone  
  33  2:57  Drone  
  35  3:20  Drone  
  35  3:21  Overlord x3  
  36  3:48  Drone x9  
  45  3:58  Metabolic Boost  
  45  4:04  Zergling x2  
  45  4:05  Zergling x2  
  45  4:09  Spine Crawler  
  46  4:15  Spine Crawler  
  45  4:19  Spine Crawler  
  44  4:25  Zergling x8, Spine Crawler  
  47  4:32  Roach Warren  
  47  4:34  Zergling x12  
  52  5:17  Overlord x3  
  52  5:18  Extractor x2, Overlord  
  52  5:19  Hatchery  
  49  5:24  Evolution Chamber  
  48  5:28  Lair  
  48  5:42  Queen  
  48  5:45  Drone x9  
  59  6:14  Drone x2  
  59  6:15  Drone x2  
  63  6:21  Extractor  
  62  6:54  Zerg Missile Weapons Level 1  
  62  7:00  Hydralisk Den, Drone x12  
  73  7:15  Hydralisk Den  
  72  7:20  Evolution Chamber  
  70  7:33  Roach x7  
  74  7:43  Grooved Spines  
  74  7:44  Overlord x3  
  74  7:48  Queen  
  76  7:53  Extractor  
  75  7:58  Hydralisk x3  
  75  7:59  Hydralisk x2  
  51  8:32  Hydralisk  
  51  8:33  Hydralisk x4  
  59  8:49  Hydralisk  
  53  9:07  Hydralisk x3  
  41  9:27  Spawning Pool  
Show
View Real Time Build Order
Export as new Build Order

tigro Terran 

Build Orders:  

Get SALT Encoding   

  12  0:03  SCV  
  13  0:15  SCV  
  14  0:24  Supply Depot  
  14  0:27  SCV  
  15  0:37  Refinery  
  15  0:46  SCV  
  16  0:53  Barracks  
  16  0:58  SCV  
  17  1:10  SCV  
  18  1:14  Supply Depot  
  18  1:22  SCV  
  18  1:24  Refinery  
  19  1:34  SCV  
  20  1:45  Marine  
  21  1:53  Barracks  
  21  2:01  SCV  
  21  2:02  Marine  
  23  2:10  Engineering Bay  
  23  2:14  SCV  
  24  2:20  Marine  
  25  2:26  SCV  
  26  2:38  Marine, SCV  
  28  2:56  Marine  
  29  2:58  Barracks Tech Lab  
  29  3:04  Factory  
  29  3:23  Command Center  
  29  3:33  Barracks Tech Lab  
  29  3:55  Marine x2  
  27  4:13  Marine x2  
  20  4:26  Hellion  
  20  4:30  Marine x2  
  16  4:38  Orbital Command  
  10  4:48  Marine x2  
  12  5:03  Combat Shield  
  12  5:06  Marine x2  
  14  5:07  Stimpack  
  14  5:19  SCV  
  15  5:31  SCV  
  16  5:44  Factory Tech Lab, SCV  
  16  5:49  Terran Infantry Weapons Level 1  
  16  5:56  SCV  
  8  5:57  Marine  
  8  5:58  Marine  
  10  6:08  SCV  
  11  6:22  Concussive Shells  
  11  6:39  Marine  
  11  6:40  Marine  
  13  6:47  SCV  
  14  6:57  Marine x2  
  14  6:59  SCV  
  17  7:11  SCV  
  12  7:45  Orbital Command  
    8:29  SCV  
  1  8:41  SCV  
  2  8:52  Supply Depot  
  2  8:53  SCV  
  3  9:05  SCV  
  4  9:17  SCV  
  4  9:18  Supply Depot  
  5  9:27  Barracks  
Show
View Real Time Build Order
Export as new Build Order

TATORREA Protoss 

Build Orders: 1 Gate Expand 

Get SALT Encoding   

  12  0:02  Probe  
  13  0:23  Pylon  
  13  0:26  Probe  
  14  0:32  Assimilator  
  14  0:38  Probe  
  15  0:50  Gateway, Probe  
  16  1:02  Probe  
  17  1:14  Probe  
  18  1:29  Gateway  
  18  1:34  Probe  
  19  1:44  Nexus  
  19  1:47  Probe  
  20  2:00  Cybernetics Core  
  20  2:01  Probe  
  21  2:17  Assimilator  
  21  2:26  Probe  
  22  2:32  Pylon  
  22  2:35  Gateway  
  22  2:38  Pylon, Probe  
  22  2:39  Warp Gate  
  23  2:53  Probe  
  23  2:56  Probe  
  25  3:09  Probe  
  25  3:10  Probe  
  27  3:13  Pylon  
  27  3:15  Stalker  
  27  3:16  Pylon  
  29  3:21  Probe  
  29  3:22  Probe  
  29  3:26  Zealot  
  33  3:33  Stalker  
  35  3:35  Probe  
  35  3:36  Probe  
  37  3:47  Probe  
  38  3:48  Probe  
  39  4:43  Zealot  
  39  4:44  Zealot x2  
  45  4:46  Probe x2  
  45  4:51  Assimilator  
  47  4:53  Assimilator  
  47  5:02  Twilight Council  
  47  5:03  Robotics Facility  
  47  5:06  Stargate  
  47  5:07  Stargate  
  47  5:13  Pylon, Probe  
  47  5:14  Probe  
  49  5:17  Pylon  
  49  5:20  Pylon  
  49  5:24  Pylon  
  49  5:26  Probe x2  
  49  5:27  Nexus  
  51  5:38  Probe x2  
  53  5:46  Protoss Air Weapons Level 1  
  53  5:50  Probe x2  
  53  5:55  Stalker  
  53  5:56  Stalker x2  
  61  6:02  Probe x2  
  63  6:16  Probe x2  
  65  6:28  Forge  
  65  6:30  Forge  
  65  6:32  Forge  
  65  6:35  Cybernetics Core  
  65  6:39  Gateway, Probe  
  67  6:40  Probe x2  
  67  6:42  Gateway  
  67  6:44  Gateway  
  68  6:47  Gateway  
  68  6:49  Gateway, Oracle  
  68  6:50  Oracle  
  74  6:58  Immortal  
  74  7:00  Probe  
  80  7:01  Probe  
  80  7:02  Probe  
  63  7:31  Stalker x2  
  63  7:32  Stalker  
  69  7:47  Zealot x2  
  69  7:48  Zealot x3  
Show
View Real Time Build Order
Export as new Build Order

KALEL Zerg 

Build Orders: Pool First 

Get SALT Encoding   

  12  0:01  Drone  
  13  0:10  Drone  
  14  0:31  Spawning Pool  
  14  0:32  Drone  
  14  0:43  Overlord  
  14  1:05  Hatchery, Drone  
  14  1:11  Extractor  
  13  1:14  Drone  
  14  1:24  Queen  
  16  1:29  Drone  
  17  1:34  Drone  
  18  1:43  Drone x2  
  20  1:51  Drone  
  21  2:02  Drone  
  22  2:16  Overlord  
  22  2:20  Extractor, Drone  
  22  2:21  Metabolic Boost  
  22  2:26  Roach Warren  
  22  2:27  Drone  
  22  2:29  Drone  
  23  2:33  Zergling x2  
  23  2:36  Zergling x2  
  25  2:38  Zergling x2  
  25  2:41  Zergling x2  
  27  2:45  Drone  
  28  3:00  Zergling x6  
  28  3:02  Drone  
  32  3:08  Lair  
  32  3:10  Drone  
  33  3:17  Queen  
  35  3:29  Drone  
  35  3:33  Overlord x2  
  36  3:48  Overlord x2  
  35  4:16  Drone x4  
  40  4:17  Drone x2  
  40  4:26  Glial Reconstitution  
  40  4:30  Hydralisk Den  
  37  4:33  Drone x2, Infestation Pit  
  37  4:41  Zergling x4  
  37  4:52  Zergling x4  
  39  5:01  Zergling x2  
  39  5:02  Zergling x2  
  41  5:10  Zergling x8  
  41  5:13  Drone  
  41  5:14  Drone x3  
  48  5:18  Extractor  
  48  5:20  Extractor  
  47  5:37  Roach x5  
  47  5:38  Roach x3  
  63  5:43  Drone x2  
  62  5:54  Zergling x2  
  62  5:55  Zergling x2  
  57  6:05  Drone x4  
  57  6:08  Zergling x4  
  57  6:09  Zergling x4  
  65  6:19  Hydralisk  
  65  6:21  Overlord  
  67  6:26  Hatchery  
  66  6:35  Roach  
  66  6:36  Overlord x2  
  66  6:37  Overlord x2  
  68  6:40  Grooved Spines  
  68  6:49  Zergling x4  
  68  6:50  Zergling x4  
  74  6:54  Roach x2  
  70  7:24  Zergling x2  
  70  7:25  Zergling x6, Roach x2  
  76  7:36  Drone x2  
  75  7:38  Drone x2  
  77  7:48  Roach x2  
  77  7:49  Zergling x2  
  82  7:58  Roach  
  82  8:00  Zergling x6  
  82  8:03  Ravager x3  
  82  8:04  Ravager x2  
  85  8:18  Spore Crawler  
  68  8:21  Spore Crawler  
  68  8:22  Spore Crawler  
  68  8:24  Drone x5  
  68  8:25  Drone x4  
  70  8:45  Roach x5  
  70  8:46  Zergling x10  
  65  9:22  Drone  
  65  9:23  Drone  
Show
View Real Time Build Order
Export as new Build Order

dragon Protoss 

Build Orders: Blink Stalkers 

Get SALT Encoding   

  12  0:01  Probe  
  13  0:13  Probe  
  14  0:18  Pylon  
  14  0:25  Probe  
  15  0:33  Probe  
  15  0:41  Gateway, Probe  
  16  0:48  Assimilator  
  17  0:51  Probe  
  18  0:57  Assimilator  
  18  1:02  Probe  
  19  1:10  Probe  
  19  1:11  Pylon  
  20  1:18  Probe  
  21  1:30  Cybernetics Core  
  21  1:32  Probe  
  22  1:38  Gateway  
  22  2:04  Sentry  
  22  2:05  Nexus  
  22  2:08  Warp Gate  
  24  2:19  Shield Battery  
  24  2:30  Probe  
  24  2:33  Stalker  
  27  2:38  Stalker  
  29  2:48  Pylon  
  29  3:02  Twilight Council  
  29  3:08  Stalker  
  29  3:11  Sentry  
  33  3:15  Probe  
  34  3:23  Probe x2  
  35  3:33  Probe  
  36  3:38  Robotics Facility  
  37  3:43  Probe  
  37  3:47  Blink  
  38  3:51  Probe  
  39  3:58  Stalker  
  39  3:59  Probe  
  39  4:00  Zealot  
  43  4:08  Probe  
  44  4:14  Pylon  
  44  4:16  Probe  
  45  4:17  Probe  
  45  4:23  Assimilator  
  47  4:25  Probe  
  47  4:27  Assimilator  
  47  4:29  Pylon  
  48  4:32  Pylon  
  48  4:34  Observer  
  49  4:39  Probe  
  49  4:41  Robotics Bay  
  50  4:47  Probe  
  50  4:52  Probe  
  52  4:54  Zealot  
  52  4:55  Zealot  
  52  4:57  Probe  
  57  5:01  Immortal  
  57  5:05  Probe  
  62  5:09  Probe  
  63  5:18  Probe  
  63  5:19  Probe  
  64  5:22  Gateway  
  64  5:27  Gateway, Probe  
  65  5:31  Gateway  
  66  5:35  Probe  
  66  5:38  Pylon  
  66  5:42  Pylon  
  67  5:44  Observer  
  67  5:48  Probe  
  69  5:54  Extended Thermal Lance  
  69  6:05  Colossus  
  69  6:10  Robotics Facility  
  75  6:12  Pylon  
  75  6:15  Pylon  
  75  6:19  Pylon  
  75  6:31  Nexus  
  75  6:34  Pylon  
  75  6:37  Pylon  
  75  6:41  Pylon  
  75  6:50  Probe x2  
  77  6:55  Forge  
  77  6:58  Forge  
  77  7:01  Colossus  
  77  7:06  Colossus  
  89  7:17  Gateway  
  89  7:20  Gateway  
  89  7:23  Probe x2  
  91  7:35  Probe  
  90  8:07  Warp Prism  
  90  8:09  Immortal  
  96  8:15  Probe  
  96  8:18  Probe x2  
  99  8:23  Assimilator, Probe  
  99  8:25  Assimilator  
  99  8:28  Gateway  
  99  8:29  Gateway  
  99  8:30  Probe x2  
  102  8:48  Immortal  
  112  9:08  Stalker x2  
  112  9:09  Stalker x5  
  126  9:28  Zealot x2  
Show
View Real Time Build Order
Export as new Build Order

JYLLESCAS Terran 

Build Orders:  

Get SALT Encoding   

  12  0:02  SCV  
  13  0:19  Supply Depot  
  13  0:24  SCV  
  14  0:36  SCV  
  15  0:47  Barracks  
  15  0:48  SCV  
  16  0:52  Refinery  
  16  0:56  Refinery  
  16  1:07  SCV  
  17  1:20  SCV  
  18  1:35  Supply Depot  
  18  1:40  SCV  
  18  1:43  Barracks Reactor  
  19  1:52  SCV  
  20  2:04  SCV  
  21  2:11  Command Center  
  21  2:16  SCV  
  21  2:20  Supply Depot  
  21  2:22  Marine  
  23  2:25  Marine  
  24  2:30  SCV  
  25  2:44  SCV  
  26  2:55  Marine, Factory  
  26  2:56  SCV  
  28  3:08  SCV  
  28  3:11  Marine  
  30  3:13  Marine  
  31  3:38  Factory Tech Lab  
  31  3:41  Barracks  
  31  3:46  SCV  
  32  3:50  Refinery  
  32  3:58  SCV  
  33  4:04  Siege Tank  
  33  4:06  Marine x2  
  38  4:10  SCV  
  38  4:14  Refinery  
  39  4:22  SCV  
  40  4:24  Marine  
  41  4:34  SCV  
  41  4:36  Siege Tank  
  45  4:39  Barracks Tech Lab, Starport  
  45  4:42  Supply Depot  
  45  5:04  Supply Depot  
  45  5:15  Siege Tank  
  45  5:16  Marine  
  45  5:18  Combat Shield  
  45  5:19  Marine  
  45  5:20  Marine  
  51  5:26  Supply Depot  
  51  5:33  Starport Reactor  
  51  5:37  Marine  
  51  5:38  Marine  
  53  5:46  Factory, SCV  
  53  5:47  Siege Tank  
  57  5:54  Orbital Command  
  57  5:55  Marine  
  57  5:56  Marine  
  59  5:58  SCV  
  60  6:10  SCV  
  61  6:19  Siege Tank  
  61  6:21  Marine x3  
  61  6:22  SCV  
  68  6:26  Medivac  
  70  6:35  SCV  
  70  6:39  Marine x3  
  74  6:50  Viking  
  76  6:56  Viking  
  76  6:59  Supply Depot  
  78  7:20  Viking, Marine x3, Siege Tank  
  86  7:43  Factory Tech Lab  
  86  8:07  Marine  
  86  8:49  Supply Depot  
  86  9:07  Marine  
  86  9:08  Marine  
  86  9:10  Marine  
Tags
 
Add a new tag
Caveats
  • Supply blocks, unpowered buildings, or Contaminate may cause inaccurate times.
  • Supply counts are checked every 10 seconds.